 Dungeon Crawl Stone Soup version 0.25.0-1-g7eea58d2a3 (webtiles) character file.

Game seed: 8434856550411491581

125319 MirrMurr the Imperceptible (level 16, -2/85 HPs)
             Began as a Spriggan Enchanter on June 14, 2020.
             Was an Initiate of Gozag.
             Slain by a six-headed hydra (9 damage)
             ... on level 4 of the Swamp.
             The game lasted 01:59:47 (44366 turns).

MirrMurr the Imperceptible (Spriggan Enchanter)    Turns: 44366, Time: 01:59:49

Health: -2/85      AC: 12    Str:  9    XL:     16   Next: 41%
Magic:  33/33      EV: 27    Int: 16    God:    Gozag
Gold:   8957       SH: 10    Dex: 19    Spells: 10/39 levels left

rFire    . . .     SeeInvis +   b - +0 dagger (venom)
rCold    . . .     Gourm    .   M - +2 buckler
rNeg     . . .     Faith    .   f - +1 swamp dragon scales
rPois    +         Spirit   .   y - +0 mask of the Dragon {MR+ Slay+3 SInv}
rElec    .         Reflect  .   D - +2 cloak
rCorr    +         Harm     .   (gloves unavailable)
MR       +++..                  (boots unavailable)
Stlth    ++++......             Z - amulet of regeneration
HPRegen  0.64/turn              W - ring of resist corrosion
MPRegen  0.23/turn              J - +4 ring of slaying

@: gold aura, very slightly contaminated, slow
A: very small, unfitting armour, see invisible, herbivore, speed 3, slow
metabolism 2
a: Potion Petition, Call Merchant, Bribe Branch, Renounce Religion


You were on level 4 of the Swamp.
You worshipped Gozag.
Gozag was greatly pleased with you.
You were not hungry.

You visited 5 branches of the dungeon, and saw 28 of its levels.
You also visited: Ossuary.

You collected 10065 gold pieces.
You spent 1050 gold pieces at shops.
You paid 58 gold pieces to Gozag.

Inventory:

Hand Weapons
 a - a +7 rapier of electrocution
 b - a +0 dagger of venom (weapon)
 w - a +0 hunting sling
 P - a +4 scimitar of flaming
Missiles
 k - 4 throwing nets
 m - 71 poisoned darts
 E - 127 sling bullets
 L - 6 boomerangs (quivered)
 U - 556 stones
 Y - 7 curare-tipped darts
Armour
 f - +1 swamp dragon scales (worn)
 y - the +0 mask of the Dragon (worn) {MR+ Slay+3 SInv}
   (You found it on level 12 of the Dungeon)

   It affects your accuracy and damage with ranged weapons and melee attacks
   (+3).
   It affects your resistance to hostile enchantments.
   It lets you see invisible.
 D - a +2 cloak (worn)
 M - a +2 buckler (worn)
Jewellery
 x - an uncursed amulet of magic regeneration
 J - a +4 ring of slaying (right hand)
 N - an uncursed ring of flight
 Q - an uncursed ring of magical power
 R - an uncursed ring of positive energy
 W - a ring of resist corrosion (left hand)
 Z - an amulet of regeneration (around neck)
Wands
 z - a wand of acid (7)
 B - a wand of digging (14)
 K - a wand of iceblast (24)
 S - a wand of paralysis (6)
Scrolls
 d - 8 scrolls of magic mapping
 e - 12 scrolls of teleportation
 i - 9 scrolls of identify
 o - 3 scrolls of fog
 q - 4 scrolls of immolation
 r - 9 scrolls of remove curse
 A - 5 scrolls of fear
 T - 3 scrolls of vulnerability
Potions
 g - 6 potions of stabbing
 h - 3 potions of resistance
 j - a potion of heal wounds
 l - 5 potions of curing
 n - 4 potions of haste
 p - 6 potions of cancellation {grinder}
 s - a potion of ambrosia
 t - 2 potions of lignification
 v - 5 potions of flight
 C - 6 potions of might
 F - 3 potions of magic
 G - 4 potions of brilliance
 H - 4 potions of mutation
 V - a potion of berserk rage
 X - 2 potions of invisibility
Comestibles
 c - 21 rations


   Skills:
 - Level 10.0 Fighting
 - Level 10.0 Short Blades
 + Level 3.9 Armour
 - Level 15.0 Dodging
 + Level 21.8 Stealth
 - Level 7.2 Shields
 - Level 12.0 Spellcasting
 + Level 12.1 Hexes
 + Level 5.6 Summonings


You had 10 spell levels left.
You knew the following spells:

 Your Spells              Type           Power        Failure   Level  Hunger
a - Ensorcelled Hibernat  Hex/Ice        ####..       2%          2    None
b - Confusing Touch       Hex            #####...     1%          3    None
c - Tukima's Dance        Hex            #####...     1%          3    None
d - Dazzling Flash        Conj/Hex       ####..       4%          3    None
e - Slow                  Hex            #####...     1%          2    None
f - Passage of Golubria   Tloc           N/A          88%         4    ##.....
i - Invisibility          Hex            #####...     21%         6    ######.
x - Summon Ice Beast      Ice/Summ       ###.....     52%         4    ##.....
B - Blink                 Tloc           N/A          28%         2    None

Your spell library contained the following spells:

 Spells                   Type           Power        Failure   Level  Hunger
 Corona                   Hex            #####..      1%          1    None
 Summon Small Mammal      Summ           ####         1%          1    None
 Summon Guardian Golem    Hex/Summ       #####...     1%          3    None
 Call Imp                 Summ           ####....     2%          2    None
 Call Canine Familiar     Summ           ####....     5%          3    None
 Magic Dart               Conj           #...         19%         1    None
 Darkness                 Hex            #####.....   21%         6    ######.
 Passwall                 Tmut/Erth      #.......     28%         2    None
 Swiftness                Chrm/Air       #.......     28%         2    None
 Metabolic Englaciation   Hex/Ice        ####......   41%         5    #####..
 Conjure Flame            Conj/Fire      #.......     50%         3    None
 Mephitic Cloud           Conj/Pois/Air  #.......     50%         3    None
 Summon Lightning Spire   Summ/Air       ###.....     52%         4    ##.....
 Ice Form                 Ice/Tmut       #.......     88%         4    ##.....
 Lee's Rapid Deconstruct  Erth           #.........   99%         5    #####..
 Freezing Cloud           Conj/Ice/Air   #.........   100%        6    ######.
 Ozocubu's Refrigeration  Ice            #.........   100%        6    ######.
 Simulacrum               Ice/Necr       #.........   100%        6    ######.


Dungeon Overview and Level Annotations

Branches:
Dungeon (15/15)            Temple (1/1) D:4            Lair (6/6) D:10
  Swamp (4/4) Lair:4       Spider (0/4) Lair:2        Slime (0/5) Lair:6
    Orc (2/2) D:9             Elf (0/3) Orc:2        Vaults (0/5) D:13
 Depths (0/5) D:15        Ossuary (visited)

Altars:
Ashenzari
Cheibriados
Fedhas
Gozag
Hepliaklqana
Kikubaaqudgha
Makhleb
Nemelex Xobeh
Ru
Sif Muna
Trog
Uskayaw
Vehumet
Wu Jian
The Shining One
Jiyva

Shops:
D:6 *!(}   D:15 }   Orc:2 (::*}

Annotations:
Lair:2 exclusion: oklob plant
Orc:2 3 runed translucent doors, happy's ghost, adept VSWz


Innate Abilities, Weirdness & Mutations

You are very small and have problems with some larger weapons.
You are too small for most types of armour.
You have supernaturally acute eyesight. (SInv)
You are a herbivore.
You cover ground extremely quickly.
You need to consume almost no food.


Message History

You block the six-headed hydra's attack.
The five-headed hydra is no longer distracted by gold.
The thorn hunter fires a volley of thorns at you.
The volley of thorns hits you!!!
Ouch! That really hurt!
* * * LOW HITPOINT WARNING * * *
The swamp drake breathes noxious fumes at you.
The noxious blast engulfs the six-headed hydra but does no damage.
The thorn hunter fires a volley of thorns at you.
The volley of thorns hits you!
* * * LOW HITPOINT WARNING * * *
Something bites the briar patch.
Something claws the briar patch but does no damage.
Something tramples the briar patch but does no damage.
The six-headed hydra misses you.
You block the six-headed hydra's attack. x2
The six-headed hydra completely misses you. x2
The six-headed hydra bites you!
You die...
Your body crumbles into a pile of gold.

♣♣....♣♣..[..♣♣.§.≈≈.
♣♣≈...≈♣♣≈≈≈≈.≈.≈.♣♣.≈
♣♣♣♣≈.≈≈≈♣ ♣.≈≈.≈≈.≈..≈≈♣
♣≈≈♣≈≈≈≈≈♣♣♣≈≈≈≈...≈≈≈♣♣#
♣§≈♣♣P≈≈.♣♣≈)≈≈≈≈≈≈.♣♣#
♣...PPP≈.§♣.≈≈≈≈§≈.♣#
♣♣≈≈fPPP≈≈♣♣≈≈♣♣.≈≈♣#
♣D≈..PPP≈≈.≈♣♣♣♣.≈≈♣
♣♣PPPPPP≈@≈≈♣ ♣♣≈♣#


♣≈PPPPPP○D≈≈♣ .♣ ♣.≈≈.≈≈○○○.≈♣ ♣.≈≈.♣♣.○○.♣♣ ♣≈.≈...≈♣D..♣ .. ♣♣♣..≈≈≈.≈≈≈♣ #..
♣♣.≈≈≈k≈≈≈♣♣ ♣ #.. ♣≈....♣≈.♣♣ .≈##. ♣♣♣..k.≈.♣♣♣♣ ♣♣ ♣≈≈.≈.≈ You could see a
thorn hunter, a six-headed hydra, a five-headed hydra and a swamp drake
(catching breath).

Vanquished Creatures
  Donald (Swamp:2)
  2 orc warlords (Orc:2)
  Aizul (Swamp:3)
  Azrael (D:14)
  An ettin (D:13)
  A dire elephant (Lair:6)
  2 ogre magi
  18 hydras
  4 shambling mangroves
  A catoblepas (Lair:6)
  13 two-headed ogres
  2 centaur warriors (D:15)
  11 alligators
  5 death yaks (Lair:6)
  2 tengu warriors (D:13)
  A deep troll shaman (Lair:6)
  2 orc high priests (Orc:2)
  A deep elf knight (Orc:2)
  A glowing orange brain (D:15)
  2 deep trolls (Orc:1)
  2 unseen horrors
  A wizard (D:15)
  2 spriggan druids (Swamp:2)
  4 swamp dragons
  Pikel (D:6)
  A mana viper (shapeshifter) (D:15)
  A lindwurm (Lair:4)
  An orc knight (Orc:2)
  8 ugly things
  A harpy (shapeshifter) (D:15)
  6 cyclopes
  5 orc sorcerers
  2 deep elf magi
  A wolf spider (D:15)
  Joseph (D:7)
  5 elephants (Lair:6)
  6 black mambas
  Maggie (D:7)
  9 spiny frogs
  A spiny frog (shapeshifter) (D:11)
  A torpor snail (Lair:3)
  3 rime drakes
  2 gargoyles
  A rime drake (shapeshifter) (D:13)
  5 komodo dragons
  A freezing wraith (D:12)
  A troll (shapeshifter) (D:15)
  3 polar bears
  27 slime creatures
  17 trolls
  15 hornets
  Grinder (D:3)
  4 bog bodies
  10 blink frogs
  14 hippogriffs
  13 tyrant leeches
  A shadow (D:12)
  A meliai zombie (D:13)
  Sigmund (D:3)
  6 spriggans
  A spriggan (shapeshifter) (D:15)
  2 tarantellas (shapeshifter) (D:15)
  A vampire (D:12)
  2 fire elementals (D:14)
  13 yaks
  4 wyverns
  5 basilisks
  A steam dragon (D:8)
  9 vampire mosquitoes
  4 hungry ghosts
  Menkaure (D:5)
  5 wargs (Orc:2)
  21 insubstantial wisps
  Edmund (D:5)
  2 soldier ants
  11 swamp worms
  2 acid dragons
  13 water moccasins
  6 porcupines
  2 hell hounds (D:14)
  Duvessa (D:6)
  11 swamp drakes
  14 orc warriors
  3 ice beasts
  A black bear (Lair:2)
  An eye of draining (D:13)
  4 slaves (D:6)
  27 ogres
  16 wolves
  3 phantoms
  A necrophage (D:11)
  12 crocodiles
  13 centaurs
  3 big kobolds
  3 elf zombies (Ossuary)
  Blork the orc (D:5)
  17 bullfrogs
  A gnoll sergeant (D:8)
  Dowan (D:6)
  4 scorpions
  2 wyvern skeletons
  9 killer bees
  5 wights (D:8)
  6 howler monkeys
  An electric eel (Lair:6)
  4 crimson imps
  3 bullfrog zombies
  A quasit (D:10)
  2 jellies
  5 centaur zombies
  A human zombie (Ossuary)
  6 hounds
  A gnoll shaman (D:6)
  9 orc priests
  16 orc wizards
  5 bullfrog skeletons
  Jessica (D:3)
  4 centaur skeletons
  Terence (D:3)
  6 iguanas
  2 hell rats (D:8)
  20 worker ants
  3 hound zombies
  3 hound skeletons
  3 mummies (Ossuary)
  11 gnolls
  2 worker ant zombies
  A howler monkey skeleton (D:6)
  5 adders
  8 river rats (D:8)
  3 shadow imps
  2 adder zombies (Ossuary)
  4 worms
  2 dart slugs
  5 leopard geckos
  45 orcs
  11 bats
  3 giant cockroaches
  9 goblins
  10 hobgoblins
  6 jackals
  8 quokkas
  2 ball pythons
  4 frilled lizards
  A gnoll zombie (Ossuary)
  4 goblin zombies (Ossuary)
  2 hobgoblin zombies (Ossuary)
  6 jackal zombies (Ossuary)
  18 kobolds
  3 kobold zombies (Ossuary)
  A leopard gecko zombie (D:8)
  4 quokka zombies (Ossuary)
  24 rats
  4 rat zombies (Ossuary)
  A fungus (Lair:6)
  A plant (D:10)
830 creatures vanquished.

Vanquished Creatures (others)
  A dancing weapon (D:14)
  10 fungi
  4 plants
15 creatures vanquished.

Grand Total: 845 creatures vanquished

Notes
Turn   | Place    | Note
-------+----------+-------------------------------------------
     0 | D:1      | MirrMurr the Spriggan Enchanter began the quest for the
                  | Orb.
     0 | D:1      | Reached XP level 1. HP: 9/9 MP: 5/5
   696 | D:1      | Reached XP level 2. HP: 13/13 MP: 6/6
   706 | D:1      | Reached skill level 5 in Stealth
   733 | D:1      | Learned a level 2 spell: Ensorcelled Hibernation
  1192 | D:2      | Reached XP level 3. HP: 16/16 MP: 8/8
  1597 | D:2      | Learned a level 3 spell: Confusing Touch
  2135 | D:2      | Reached skill level 6 in Stealth
  2631 | D:2      | Reached XP level 4. HP: 21/21 MP: 6/9
  3417 | D:3      | Noticed Sigmund
  3424 | D:3      | Killed Sigmund
  3424 | D:3      | Reached skill level 8 in Stealth
  3424 | D:3      | Reached XP level 5. HP: 24/24 MP: 10/10
  3428 | D:3      | Found a faded altar of an unknown god.
  3448 | D:3      | Noticed Terence
  3455 | D:3      | Killed Terence
  3455 | D:3      | Reached XP level 6. HP: 28/28 MP: 11/11
  3461 | D:3      | Noticed Grinder
  3506 | D:3      | Killed Grinder
  3506 | D:3      | Reached skill level 5 in Short Blades
  3506 | D:3      | Reached skill level 5 in Hexes
  4007 | D:3      | Noticed Jessica
  4023 | D:3      | Killed Jessica
  4326 | D:4      | Reached XP level 7. HP: 32/32 MP: 12/14
  4331 | D:4      | Learned a level 3 spell: Tukima's Dance
  4335 | D:4      | Learned a level 3 spell: Dazzling Flash
  4585 | D:4      | Found a staircase to the Ecumenical Temple.
  4593 | Temple   | Entered the Ecumenical Temple
  4605 | Temple   | Became a worshipper of Gozag Ym Sagoz the Greedy
  5694 | D:5      | Entered Level 5 of the Dungeon
  5694 | D:5      | Noticed Blork the orc
  5759 | D:5      | Reached skill level 1 in Fighting
  5759 | D:5      | Reached XP level 8. HP: 37/37 MP: 11/15
  6340 | D:5      | Reached skill level 5 in Dodging
  6492 | D:5      | Killed Blork the orc
  6572 | D:5      | Noticed Menkaure
  6591 | D:5      | Killed Menkaure
  7202 | D:5      | Noticed Edmund
  7212 | D:5      | Killed Edmund
  7358 | D:5      | Reached XP level 9. HP: 42/45 MP: 7/16
  7798 | D:6      | Found Soomosch's Gadget Shoppe.
  7798 | D:6      | Noticed Duvessa
  7800 | D:6      | Noticed Dowan
  7971 | D:6      | Killed Duvessa
  8109 | D:6      | Killed Dowan
  8421 | D:6      | Found Lavioc's Weapon Shop.
  8439 | D:6      | Reached skill level 9 in Stealth
  8439 | D:6      | Noticed Pikel
  8477 | D:6      | Killed Pikel
  8620 | D:6      | Found Zoohoehuag's Distillery.
  8653 | D:6      | Found Luyratzi's Assorted Antiques.
  8941 | D:6      | Reached skill level 10 in Stealth
  9339 | D:7      | Found a shimmering blue altar of Sif Muna.
  9341 | D:7      | Reached skill level 10 in Dodging
  9350 | D:7      | Noticed Joseph
  9371 | D:7      | Killed Joseph
  9562 | D:7      | Noticed Maggie
  9568 | D:7      | Killed Maggie
  9568 | D:7      | Reached skill level 11 in Stealth
  9568 | D:7      | Reached XP level 10. HP: 49/49 MP: 10/17
  9793 | D:7      | Got a warped robe
 10189 | D:7      | Found a snail-covered altar of Cheibriados.
 10690 | D:7      | Reached skill level 12 in Stealth
 10925 | D:8      | Found a sand-covered staircase.
 10931 | Ossuary  | Entered an ossuary
 11226 | Ossuary  | Identified the +2 robe of Privacy {Dex+4} (You found it on
                  | level 7 of the Dungeon)
 11727 | D:8      | Noticed a two-headed ogre
 11733 | D:8      | Killed a two-headed ogre
 11860 | D:8      | Reached skill level 5 in Spellcasting
 12541 | D:9      | Learned a level 2 spell: Slow
 12544 | D:9      | Learned a level 2 spell: Blink
 12846 | D:9      | Reached XP level 11. HP: 54/54 MP: 19/19
 12918 | D:9      | Reached skill level 1 in Shields
 13087 | D:9      | Noticed a two-headed ogre
 13103 | D:9      | Killed a two-headed ogre
 13247 | D:9      | Found a staircase to the Orcish Mines.
 13447 | D:10     | Entered Level 10 of the Dungeon
 13685 | D:10     | Found a staircase to the Lair.
 13840 | D:10     | Found a sparkling altar of Nemelex Xobeh.
 13972 | D:10     | Noticed an unseen horror
 13975 | D:10     | Killed an unseen horror
 13975 | D:10     | Reached skill level 5 in Fighting
 14349 | D:11     | Noticed a two-headed ogre
 14359 | D:11     | Killed a two-headed ogre
 14359 | D:11     | Reached skill level 13 in Stealth
 14611 | D:11     | Noticed a purple ugly thing
 14614 | D:11     | Killed a purple ugly thing
 14632 | D:11     | Noticed an unseen horror
 14635 | D:11     | Killed an unseen horror
 15928 | Lair:1   | Entered Level 1 of the Lair of Beasts
 16128 | Lair:1   | Reached XP level 12. HP: 60/60 MP: 17/22
 16298 | Lair:1   | Noticed a four-headed hydra
 16836 | Lair:1   | Noticed a six-headed hydra
 16844 | Lair:1   | Killed a six-headed hydra
 16844 | Lair:1   | Reached skill level 14 in Stealth
 16844 | Lair:1   | Reached skill level 10 in Hexes
 17189 | Lair:1   | Killed a four-headed hydra
 17257 | Lair:2   | Found an ancient bone altar of Kikubaaqudgha.
 17262 | Lair:2   | Found a hole to the Spider Nest.
 17268 | Lair:2   | Reached skill level 5 in Shields
 17279 | Lair:2   | Noticed a six-headed hydra
 17301 | Lair:2   | Killed a six-headed hydra
 17301 | Lair:2   | Reached skill level 10 in Short Blades
 17537 | Lair:2   | Noticed a four-headed hydra
 17612 | Lair:2   | Killed a four-headed hydra
 17660 | Lair:2   | Noticed a five-headed hydra
 17667 | Lair:2   | Killed a five-headed hydra
 18889 | Lair:3   | Reached skill level 15 in Stealth
 19942 | Lair:4   | Reached XP level 13. HP: 51/65 MP: 16/23
 21259 | Lair:4   | Reached skill level 15 in Dodging
 21855 | Lair:4   | Found a staircase to the Swamp.
 22618 | Lair:5   | Found a hazy altar of Hepliaklqana.
 23255 | Lair:6   | Entered Level 6 of the Lair of Beasts
 23306 | Lair:6   | Reached skill level 16 in Stealth
 24033 | Lair:6   | Reached skill level 17 in Stealth
 24339 | Lair:6   | Found a shimmering blue altar of Sif Muna.
 24570 | Lair:6   | Found a viscous altar of Jiyva.
 24571 | Lair:6   | Found a staircase to the Slime Pits.
 25050 | Lair:6   | Noticed a dire elephant
 25104 | Lair:6   | HP: 1/68 [death yak (8)]
 25440 | Lair:6   | Killed a dire elephant
 26024 | D:12     | Reached XP level 14. HP: 52/74 MP: 22/24
 26510 | D:12     | Reached skill level 18 in Stealth
 27302 | D:12     | Found the +0 mask of the Dragon {MR+ Slay+3 SInv}
 28317 | D:13     | Found a gate to the Vaults.
 29985 | D:14     | Reached skill level 19 in Stealth
 30191 | D:14     | Noticed Azrael
 31549 | D:14     | Killed Azrael
 31872 | D:15     | Entered Level 15 of the Dungeon
 32453 | D:15     | Found Qeigicar's Gadget Shoppe.
 32472 | D:15     | Reached skill level 10 in Fighting
 32805 | D:15     | Found a staircase to the Depths.
 33329 | Orc:1    | Entered Level 1 of the Orcish Mines
 33764 | Orc:2    | Entered Level 2 of the Orcish Mines
 33764 | Orc:2    | Noticed an orc warlord
 33765 | Orc:2    | Found Vueptyze's Gadget Shop.
 33802 | Orc:2    | Found a staircase to the Elven Halls.
 33930 | Orc:2    | Found Manofur's Book Shop.
 33930 | Orc:2    | Found Qanwosam's General Store.
 33941 | Orc:2    | Reached skill level 20 in Stealth
 34107 | Orc:2    | Noticed an orc warlord
 34242 | Orc:1    | Reached XP level 15. HP: 76/80 MP: 23/29
 34280 | Orc:1    | Learned a level 4 spell: Summon Ice Beast
 34474 | Orc:1    | Reached skill level 10 in Spellcasting
 34538 | Orc:1    | Reached skill level 1 in Summonings
 34947 | Orc:2    | Found Jufet's Book Boutique.
 34949 | Orc:2    | Found Roasukly's Weapon Shoppe.
 34958 | Orc:2    | Bought a book of Burglary for 1050 gold pieces
 34965 | Orc:2    | Learned a level 6 spell: Invisibility
 34977 | Orc:2    | Learned a level 4 spell: Passage of Golubria
 35903 | Orc:2    | Killed an orc warlord
 36025 | Orc:2    | Killed an orc warlord
 36366 | Orc:2    | Found a runed translucent gate.
 36367 | Orc:2    | Found a runed translucent gate.
 36368 | Orc:2    | Found a runed translucent gate.
 36370 | Orc:2    | Noticed happy's ghost (adept VSWz)
 36506 | Orc:2    | Found a runed translucent gate.
 36506 | Orc:2    | Found a runed translucent gate.
 36506 | Orc:2    | Found a runed translucent gate.
 36531 | Orc:2    | Found Manofur's Book Shop.
 36534 | Orc:2    | Found Qanwosam's General Store.
 36536 | Orc:2    | Found Roasukly's Weapon Shoppe.
 36541 | Orc:2    | Found Jufet's Book Boutique.
 36568 | Orc:2    | Found Vueptyze's Gadget Shop.
 37023 | Swamp:1  | Entered Level 1 of the Swamp
 37929 | Swamp:1  | Reached skill level 1 in Armour
 38587 | Swamp:2  | Noticed Donald
 38595 | Swamp:2  | Killed Donald
 38595 | Swamp:2  | Reached skill level 21 in Stealth
 40583 | Swamp:3  | Reached XP level 16. HP: 85/85 MP: 32/32
 42334 | Swamp:3  | Reached skill level 5 in Summonings
 42381 | Swamp:3  | Noticed Aizul
 43442 | Swamp:3  | Killed Aizul
 43603 | Swamp:4  | Entered Level 4 of the Swamp
 44290 | Swamp:4  | Noticed a thorn hunter
 44366 | Swamp:4  | Slain by a six-headed hydra

Illustrated notes

Levels and vault maps discovered:
D:1:      minmay_arrival_loop, layout_basic
D:2:      layout_basic, first_ration
D:3:      layout_rooms, chequers_ecumenical_altar_island, serial_curves,
          eino_curves_04, eino_curves_01, uniq_sigmund, uniq_jessica,
          uniq_terence, uniq_grinder
D:4:      cheibrodos_thug_alley, layout_basic, minmay_temple_entry_trees,
          kennysheep_doodads, kennysheep_generic_room_4
D:5:      layout_basic, corner_web_ring, uniq_edmund, uniq_blork_the_orc,
          uniq_menkaure
D:6:      layout_basic, serial_shops, nicolae_shop_window_shopping, shop,
          nicolae_shop_crystal, nicolae_shop_statue_plus, uniq_duvessa,
          uniq_pikel
D:7:      layout_rooms, overflow_temple_1_default, serial_curves,
          eino_curves_02, eino_curves_02, the_bakery, cheibriados_altar_1,
          uniq_joseph, uniq_maggie
D:8:      lemuel_ratsnest, layout_rooms, nicolae_ossuary_entry_plus
D:9:      layout_roguey, orc_0_dummy, lightli_orcish_oven
D:10:     layout_long_grid, david_lair_shrubbed, basic_altar,
          kennysheep_generic_room_10
D:11:     layout_loops_corners
D:12:     cheibrodos_elevator_heist, layout_irregular_city
D:13:     layout_roguey, david_vaults_4
D:14:     layout_layer_cave, minmay_crystal_room, uniq_azrael
D:15:     gammafunk_enter_depths_forms, layout_irregular_city, serial_shops,
          shop, hangedman_decor_clover_reticule
Temple:   compressed_dpeg_triangle_lava_temple
Lair:1:   layout_chaotic_city, infiniplex_staircase_pool, grunt_megastairs_5
Lair:2:   layout_gridlike, spider_nest_entry_web_field, lemuel_oklob_altar
Lair:3:   layout_layer_cave, grunt_megastairs_2
Lair:4:   layout_regular_city, palyth_hydra_swamp_entry
Lair:5:   layout_cave_pods, basic_altar, lemuel_fruit_fields,
          lemuel_fruit_fields
Lair:6:   grunt_lair_end_beastmaster, layout_layer_cave,
          dpeg_slime_entry_enclosed_altar, basic_altar, patterned_corridor,
          serial_bayou_shore_a
Swamp:1:  layout_falls_marsh, hangedman_swamp_pad
Swamp:2:  layout_falls_marsh, evilmike_swamp_ruin_rubble_2,
          infiniplex_staircase_pool_2, uniq_donald
Swamp:3:  layout_falls_marsh, nicolae_swamp_fairy_circle, uniq_aizul
Swamp:4:  swamp, layout_basic_swamp, swamp_pool3
Orc:1:    layout_caves, serial_shops
Orc:2:    st_orc_open, layout_caves, serial_shops, shop_fountains,
          ebering_ghost_rock_garden, elf_legates

Skill      XL: |  1  2  3  4  5  6  7  8  9 10 11 12 13 14 15 16 |
---------------+-------------------------------------------------+-----
Stealth        | 5 6 8 11 12 13 15 17 20 21 | 21.8
Short Blades   | 2 3 4 5 7 8 9 10 | 10.0
Spellcasting   | 4 5 6 9 11 12 | 12.0
Hexes          | 5 8 9 10 11 12 | 12.1
Fighting       | 1 4 5 6 8 10 | 10.0
Dodging        | 8 10 12 13 14 15 | 15.0
Shields        | 3 6 7 |  7.2
Summonings     | 4 5 |  5.6
Armour         | 2 3 |  3.9

Action                   |  1- 3 |  4- 6 |  7- 9 | 10-12 | 13-15 | 16-18 || total
-------------------------+-------+-------+-------+-------+-------+-------++-------
Melee: Dagger            |   166 |    82 |   402 |   130 |   516 |   542 ||  1838
       Rapier            |       |       |       |   601 |   884 |       ||  1485
 Fire: Hunting sling     |       |       |       |     3 |     3 |       ||     6
Throw: Stone             |       |       |       |     1 |     2 |       ||     3
 Cast: Corona            |     2 |       |       |       |       |       ||     2
       Ensorcelled Hiber |    10 |    15 |    78 |   147 |   156 |    68 ||   474
       Confusing Touch   |       |     2 |    13 |    16 |    18 |    10 ||    59
       Tukima's Dance    |       |       |     1 |     1 |    10 |       ||    12
       Dazzling Flash    |       |       |       |     2 |    24 |     2 ||    28
       Invisibility      |       |       |       |       |     3 |     2 ||     5
Evoke: Wand              |       |       |       |       |     3 |       ||     3
  Use: Scroll            |     5 |     5 |     4 |    15 |    12 |     6 ||    47
       Potion            |       |     1 |     1 |       |     4 |     2 ||     8
 Stab: Sleeping          |    15 |    14 |    51 |   115 |   102 |    21 ||   318
       Confused          |       |     2 |    15 |    13 |    16 |     9 ||    55
       Distracted        |       |       |     2 |     6 |    16 |     6 ||    30
       Invisible         |       |       |     5 |     4 |    23 |     7 ||    39
  Eat: Ration            |       |     2 |     5 |     7 |    13 |     3 ||    30
Armor: Robe              |    13 |     2 |    13 |       |       |       ||    28
       Swamp dragon scal |       |       |       |    80 |    99 |    52 ||   231
Dodge: Dodged            |   174 |    40 |   283 |   530 |   807 |   364 ||  2198
Block: Buckler           |       |       |       |    68 |   386 |   142 ||   596
